 Dungeon Crawl Stone Soup version 0.26.1-11-gd32895ea62 (webtiles) character file.

Game seed: 13583925011318390567

8837 Revguard the Schismatic (level 11, -1/84 HPs)
             Began as a Demonspawn Gladiator on July 12, 2021.
             Was an Elder of Lugonu.
             Slain by a manticore (15 damage)
             ... on level 11 of the Dungeon on July 13, 2021.
             The game lasted 00:36:42 (11221 turns).

Revguard the Schismatic (Demonspawn Gladiator)     Turns: 11221, Time: 00:36:42

Health: -1/84      AC: 10    Str: 18    XL:     11   Next: 15%
Magic:  0/17       EV: 23    Int:  9    God:    Lugonu [****..]
Gold:   476        SH:  0    Dex: 23    Spells: 10/10 levels left

rFire    . . .     SeeInvis +   a - +1 war axe
rCold    . . .     Faith    .   (no shield)
rNeg     . . .     Spirit   +   J - +1 steam dragon scales
rPois    .         Reflect  .   (helmet restricted)
rElec    .         Harm     .   B - scarf {+Inv}
rCorr    .         Rampage  .   h - +0 pair of gloves
Will     +....                  (no boots)
Stlth    ++........             q - amulet of regeneration
HPRegen  0.64/turn              e - ring of see invisible
MPRegen  0.30/turn              y - +6 ring of dexterity

@: mighty, agile
A: horns 1, thin metallic scales 1, agile 1, strong-willed 1, powered by pain 1,
magic shield, magic regeneration
a: Renounce Religion, Evoke Invisibility, Depart the Abyss, Bend Space, Banish,
Corrupt


You were on level 11 of the Dungeon.
You worshipped Lugonu.
Lugonu was greatly pleased with you.
You visited 1 branch of the dungeon, and saw 12 of its levels.
You also visited: Sewer.

You collected 476 gold pieces.

Inventory:

Hand Weapons
 a - a +1 war axe (weapon)
Missiles
 d - a throwing net (quivered)
Armour
 c - a +0 plate armour
 h - a +0 pair of gloves (worn)
 B - a scarf of invisibility (worn)
 J - +1 steam dragon scales (worn)
Jewellery
 b - an uncursed amulet of the acrobat
 e - a ring of see invisible (left hand)
 q - an amulet of regeneration (around neck)
 y - a +6 ring of dexterity (right hand)
Wands
 g - a wand of paralysis (4)
 m - a wand of enslavement (9)
 w - a wand of flame (15)
 z - a wand of random effects (9)
Scrolls
 l - 4 scrolls of magic mapping
 o - 2 scrolls of blinking
 p - 5 scrolls of teleportation
 r - 3 scrolls of fog
 s - 5 scrolls of fear
 u - 2 scrolls of immolation
 D - 2 scrolls of remove curse
 G - 4 scrolls of noise
Potions
 f - 2 potions of brilliance
 j - 2 potions of curing
 n - 2 potions of flight
 t - 2 potions of magic
 v - 3 potions of attraction
 F - a potion of mutation


   Skills:
 + Level 7.3 Fighting
 + Level 7.7 Axes
 - Level 1.7 Throwing
 + Level 6.5 Armour
 + Level 7.2 Dodging
 + Level 8.2 Invocations
 + Level 6.6 Evocations


You had 10 spell levels left.
You didn't know any spells.
Your spell library contained the following spells:

 Spells                   Type           Power        Failure   Level
 Beastly Appendage        Tmut           0%           38%         1
 Freeze                   Ice            0%           38%         1
 Wereblood                Tmut           0%           52%         2
 Frozen Ramparts          Ice            0%           77%         3
 Ozocubu's Armour         Ice            0%           77%         3
 Spider Form              Tmut/Pois      0%           77%         3
 Hailstorm                Conj/Ice       0%           99%         4
 Ice Form                 Ice/Tmut       0%           99%         4
 Summon Ice Beast         Ice/Summ       0%           99%         4
 Blade Hands              Tmut           0%           100%        5


Dungeon Overview and Level Annotations

Branches:
Dungeon (12/15)            Temple (0/1) D:6            Lair (0/6) D:11
  Sewer (visited)
    Orc: D:9-12

Altars:
Cheibriados
Dithmenos
Elyvilon
Fedhas
Uskayaw
Xom
Yredelemnul
Lugonu

Shops:
D:5 =

Portals:
Abyss: D:5


Innate Abilities, Weirdness & Mutations

You have a pair of small horns on your head.
You are partially covered in thin metallic scales. (AC +2)
You sometimes gain a little power by taking damage.
When hurt, damage is shared between your health and your magic reserves.
You regenerate magic rapidly.
You are agile. (Dex +2)
You are strong-willed. (Will+)


Message History

You hit the manticore.
The manticore is lightly wounded.
You closely miss the yak. The manticore completely misses you.
The manticore barely misses you. The manticore claws you.
* * * LOW HITPOINT WARNING * * *
The yak gores you.
* * * LOW HITPOINT WARNING * * *
The manticore closely misses you. x2; The manticore misses you.
The yak barely misses you.
Aiming: Enslavement
Press: ? - help, Shift-Dir - straight line, f - yak
Aim: a yak (severely wounded, chance to affect: 66%)
The yak is charmed.
You carefully extract the barbed spikes from your body.
Your yak closely misses the manticore.
The manticore completely misses you. The manticore misses you.
The manticore closely misses you.
You slash the manticore! You headbutt the manticore.
The manticore is moderately wounded.
The manticore bites you!
You die...

.................................
.................................
#########..##########............
#..# #............ #..#
#............
#..##########............
#########........................
..(......).....YH................
................@................
######..###################...###
.................................
..)..............................
#########................########
#................#
#................#
#............).((#
#########................########


You could see a manticore and a friendly yak (charmed).

Vanquished Creatures
  A two-headed ogre (D:9)
  An ugly thing (D:11)
  Maggie (D:8)
  A troll (D:10)
  2 hornets
  2 slime creatures (D:11)
  8 yaks
  2 wraiths
  Duvessa (D:4)
  4 ice beasts
  2 sky beasts
  A phantom (D:8)
  A hornet zombie (D:11)
  A necrophage (D:10)
  5 orc warriors
  A black bear (D:9)
  3 ogres
  5 centaurs
  2 big kobolds
  3 bullfrogs
  Dowan (D:4)
  4 scorpions
  4 killer bees (D:9)
  5 howler monkeys
  3 jellies
  A quasit (D:9)
  A centaur skeleton (D:5)
  Crazy Yiuf (D:5)
  10 orc priests
  2 bullfrog skeletons
  3 hounds
  6 orc wizards
  Ijyb (D:3)
  2 iguanas
  Natasha (thrice) (D:3)
  10 worker ants
  A killer bee zombie (D:9)
  A hound zombie (D:11)
  A hound skeleton (D:4)
  A worker ant zombie (D:6)
  7 gnolls
  Robin (D:2)
  11 adders
  2 shadow imps
  6 white imps
  2 ufetubi (D:6)
  An ooze (D:5)
  An adder zombie (D:8)
  3 adder skeletons
  5 worms
  4 dart slugs
  3 leopard geckos
  37 orcs
  5 ball pythons
  5 giant cockroaches
  15 goblins
  10 hobgoblins
  17 jackals
  23 kobolds
  2 quokkas
  10 bats
  11 frilled lizards
  10 rats
  A lurking horror (D:5)
300 creatures vanquished.

Vanquished Creatures (collateral kills)
  2 slime creatures (D:11)
2 creatures vanquished.

Vanquished Creatures (others)
  A lurking horror (D:5)
  16 plants (Sewer)
17 creatures vanquished.

Grand Total: 319 creatures vanquished

Notes
Turn   | Place    | Note
-------+----------+-------------------------------------------
     0 | D:1      | Revguard the Demonspawn Gladiator began the quest for the
                  | Orb.
     0 | D:1      | Reached XP level 1. HP: 16/16 MP: 1/1
   378 | D:1      | Gained mutation: You are partially covered in thin metallic
                  | scales. (AC +2) [demonic ancestry]
   378 | D:1      | Reached XP level 2. HP: 22/22 MP: 2/2
   912 | D:2      | Reached skill level 1 in Armour
   912 | D:2      | Noticed Robin
   913 | D:2      | Reached XP level 3. HP: 26/27 MP: 3/3
   939 | D:2      | Killed Robin
  1262 | D:2      | Reached XP level 4. HP: 29/33 MP: 4/4
  2359 | D:3      | Noticed Natasha
  2369 | D:3      | Killed Natasha
  2374 | D:3      | Noticed Natasha
  2383 | D:3      | Killed Natasha
  2384 | D:3      | Reached XP level 5. HP: 30/39 MP: 5/5
  2787 | D:3      | Noticed Ijyb
  2804 | D:3      | Killed Ijyb
  2860 | D:3      | Noticed Natasha
  2868 | D:3      | Killed Natasha
  2923 | D:3      | Found a glowing drain.
  2935 | Sewer    | Entered a sewer
  3105 | Sewer    | Reached XP level 6. HP: 46/46 MP: 6/6
  4215 | D:4      | Noticed Dowan
  4216 | D:4      | Noticed Duvessa
  4236 | D:4      | Killed Duvessa
  4237 | D:4      | Reached skill level 1 in Evocations
  4255 | D:4      | Killed Dowan
  4456 | D:5      | Entered Level 5 of the Dungeon
  4503 | D:5      | Gained mutation: You sometimes gain a little power by
                  | taking damage. [demonic ancestry]
  4503 | D:5      | Reached XP level 7. HP: 52/52 MP: 7/7
  4581 | D:5      | Found a one-way gate to the infinite horrors of the Abyss.
  4581 | D:5      | Found a corrupted altar of Lugonu.
  4590 | D:5      | Became a worshipper of Lugonu the Unformed
  4590 | D:5      | Reached * piety under Lugonu
  4744 | D:5      | Found Faqihyad's Jewellery Boutique.
  4776 | D:5      | Reached skill level 5 in Axes
  4882 | D:5      | Found a runed translucent door.
  4883 | D:5      | Noticed Crazy Yiuf
  4896 | D:5      | Killed Crazy Yiuf
  5092 | D:5      | Found a white marble altar of Elyvilon.
  5093 | D:5      | Found a snail-covered altar of Cheibriados.
  5094 | D:5      | Found a basalt altar of Yredelemnul.
  5097 | D:5      | Found a hide-covered altar of Uskayaw.
  5097 | D:5      | Found a shimmering altar of Xom.
  5098 | D:5      | Found a shadowy altar of Dithmenos.
  5104 | D:5      | Reached skill level 1 in Invocations
  5328 | D:6      | Reached skill level 2 in Invocations
  5350 | D:6      | Gained mutation: When hurt, damage is shared between your
                  | health and your magic reserves. [demonic ancestry]
  5350 | D:6      | Reached XP level 8. HP: 56/60 MP: 9/9
  5397 | D:6      | Reached ** piety under Lugonu
  5514 | D:6      | Found a staircase to the Ecumenical Temple.
  5695 | D:6      | Reached skill level 3 in Invocations
  6160 | D:7      | Reached skill level 5 in Dodging
  6417 | D:7      | Reached skill level 4 in Invocations
  6664 | D:7      | Found a blossoming altar of Fedhas.
  6731 | D:8      | Reached skill level 5 in Fighting
  6755 | D:8      | Gained mutation: You have a pair of small horns on your
                  | head. [demonic ancestry]
  6755 | D:8      | Reached XP level 9. HP: 68/68 MP: 12/12
  6785 | D:8      | Noticed Maggie
  6794 | D:8      | Killed Maggie
  6926 | D:8      | Reached skill level 5 in Invocations
  7011 | D:8      | Reached *** piety under Lugonu
  7193 | D:8      | Paralysed by a hornet for 1 turns
  7195 | D:8      | Paralysed by a hornet for 1 turns
  7201 | D:8      | Reached skill level 5 in Armour
  7980 | D:9      | Paralysed by a hornet for 3 turns
  7984 | D:9      | Reached skill level 6 in Invocations
  7984 | D:9      | Reached skill level 5 in Evocations
  8369 | D:9      | Noticed a two-headed ogre
  8405 | D:9      | Killed a two-headed ogre
  8406 | D:9      | Reached XP level 10. HP: 49/76 MP: 9/14
  8975 | D:10     | Entered Level 10 of the Dungeon
  9211 | D:10     | Reached skill level 7 in Invocations
  9214 | D:10     | Reached **** piety under Lugonu
  9492 | D:10     | Gained mutation: You are strong-willed. (Will+) [potion of
                  | mutation]
  9492 | D:10     | Gained mutation: You are agile. (Dex +2) [potion of
                  | mutation]
  9915 | D:11     | Noticed a red ugly thing
  9926 | D:11     | Killed a red ugly thing
 10243 | D:11     | Noticed a death yak
 10245 | D:11     | Noticed a death yak
 10246 | D:11     | Noticed a death yak
 10553 | D:11     | Found a staircase to the Lair.
 10570 | D:11     | Reached skill level 8 in Invocations
 10570 | D:11     | Gained mutation: You regenerate magic rapidly. [demonic
                  | ancestry]
 10570 | D:11     | Reached XP level 11. HP: 51/77 MP: 10/17
 10966 | D:11     | Found a shadowy altar of Dithmenos.
 11221 | D:11     | Slain by a manticore

Illustrated notes

Levels and vault maps discovered:
D:1:      scummos_arrival_forest, layout_basic, minmay_split_cup_small
D:2:      layout_basic, uniq_robin
D:3:      kennysheep_the_goblin_king, layout_basic, cheibrodos_sewer_entry_bend,
          kennysheep_generic_room_15, uniq_natasha
D:4:      layout_rooms, interstate_on_off, minmay_misc_feat_x,
          chequers_serial_rivers_room_b, uniq_duvessa
D:5:      layout_basic, grunt_temple_overflow_open, serial_shops,
          nicolae_shop_behind_doors, minmay_liquid_box,
          amcnicky_altar_lugonu_corruption, uniq_crazy_yiuf_cottage
D:6:      layout_basic, minmay_temple_entry_glassed_door
D:7:      layout_rooms, fedhas_altar_4
D:8:      layout_cave_pods, uniq_maggie
D:9:      layout_basic, serial_park_tiny_2
D:10:     nicolae_whirlpool, layout_gridville, feat_on_display
D:11:     layout_long_grid, dpeg_lair_monsters, basic_altar
D:12:     layout_rooms, hiddenorc2_lemuel, gammafunk_ghost_abyssal_escape,
          drop_trap

Skill      XL: |  1  2  3  4  5  6  7  8  9 10 |
---------------+-------------------------------+-----
Axes           | 3 4 5 6 7 |  7.7
Armour         | 1 2 3 4 5 6 |  6.5
Dodging        | 3 4 5 6 7 |  7.2
Fighting       | 3 4 5 6 7 |  7.3
Evocations     | 1 2 3 5 6 |  6.6
Invocations    | 2 4 6 8 |  8.2
Throwing       | |  1.7

Action                   |  1- 3 |  4- 6 |  7- 9 | 10-12 || total
-------------------------+-------+-------+-------+-------++-------
Melee: War axe           |   120 |   255 |   368 |   304 ||  1047
       Headbutt          |       |       |    29 |   103 ||   132
Throw: Throwing net      |       |     2 |       |       ||     2
Invok: Bend Space        |       |       |     1 |     7 ||     8
 Abil: Evoke Invisibilit |       |       |       |     1 ||     1
Evoke: Wand              |       |       |     9 |    15 ||    24
  Use: Scroll            |       |    15 |     5 |     4 ||    24
       Potion            |       |     4 |     4 |     7 ||    15
 Stab: Sleeping          |     1 |       |     3 |       ||     4
       Invisible         |       |       |       |     3 ||     3
       Distracted        |       |       |       |     1 ||     1
       Paralysed         |       |       |       |     4 ||     4
Armor: Leather armour    |    12 |       |       |       ||    12
       Ring mail         |    52 |   152 |    82 |       ||   286
       Skin              |       |     4 |       |       ||     4
       Steam dragon scal |       |       |    56 |    79 ||   135
Dodge: Dodged            |   128 |   245 |   445 |   317 ||  1135
